[Event "CZE-ch U10 Open 2023"]
[Site "Teplice"]
[Date "2023.03.12"]
[Round "2.6"]
[White "Kupka, Frantisek"]
[Black "Koutecky, Vaclav"]
[Result "0-1"]
[ECO "C55"]
[WhiteElo "1988"]
[BlackElo "2060"]
[Annotator "TA"]
[PlyCount "82"]
[EventDate "2023.03.09"]
[EventType "swiss"]
[EventCountry "CZE"]
[SourceTitle "playchess.com"]
[Source "ChessBase"]
[SourceQuality "1"]
[TimeControl "40/5400+30:1800+30"]

1. e4 e5 2. Nf3 Nc6 3. Bc4 Nf6 4. d3 d5 5. Bb5 dxe4 6. Bxc6+ {[%emt 0:02:05][%mdl 64] [#] Remove Defender. C55: Two Knights: 4 d3, 4 d4 exd4 5 e5 and Max Lange Attack.} bxc6 7. Nxe5 {[%emt 0:01:43] [#]} Bc5 $146 (7... Qd4 $15 8. Nc4 (8. Nxc6 $2 {too greedy.} Qa4 $19) 8... Bg4) ({Predecessor:} 7... Qd4 8. f4 Bd6 9. Nc4 Bg4 10. Qd2 O-O 11. Qc3 Qxc3+ 12. Nxc3 exd3 13. cxd3 Rfe8+ 14. Kf2 Rad8 15. Be3 Bf5 16. Nxd6 Rxd6 17. Bxa7 Ng4+ {½-½ Amuso,J (736)-Nesbit,A (800) SN-2016-0-00806}) 8. Nxc6 $2 (8. O-O $11 {and White is okay.}) 8... Qd5 9. Nxa7 (9. b4 $142 Bb6 10. c4 Qxc6 11. c5) 9... Bxa7 {[%emt 0:04:00] A strong pair of Bishops.} 10. O-O O-O 11. Nc3 Qc6 12. dxe4 Nxe4 13. Nxe4 Qxe4 14. Re1 Qc6 15. Qe2 $2 (15. Be3 {was worth a try.}) 15... Bb7 $19 {[%emt 0:00:59][%csl Gb7][%cal Rc6g2] [#]} 16. Qg4 Qg6 $2 (16... f5 17. Qf3 Qxf3 18. gxf3 Rf6) 17. Qxg6 fxg6 $40 {[%emt 0:00:27][%mdl 128] Black wants a kill.} 18. Be3 Bxe3 19. Rxe3 Bd5 20. b3 Rae8 (20... Rfe8 $19 {Threatens to win with ...Rxe3.} 21. Rxe8+ Rxe8) 21. Rae1 Rxe3 22. Rxe3 $17 {[%emt 0:00:17][%mdl 4096] Endgame KRB-KR} Kf7 23. c4 Bb7 24. a4 $2 {[%emt 0:02:24] White does not recover from this.} (24. f3 $17 {might work better.}) 24... Re8 $19 25. Kf1 Rxe3 26. fxe3 {[%emt 0:00:09] KB-KP} Ke6 27. Ke2 (27. b4 $142 Ba6 28. Ke2 Bxc4+ 29. Kd2) 27... Bxg2 {[%emt 0:00:54] ...c5 is the strong threat.} 28. Kd3 c5 {[%emt 0:00:17] Strongly threatening ...g5.} 29. Kc3 h5 30. b4 cxb4+ 31. Kxb4 Kd6 32. Kb5 Kc7 (32... Bc6+ $142 33. Kb4 g5 34. Kc3 g4 35. Kd3 h4 36. Ke2 g3 37. h3 Bxa4 38. Kf3 Bd7 39. Kg2 Kc5 40. e4 Kxc4 41. Kf3 Bxh3 42. Ke3 Be6 43. Kf3 Kd4 44. Ke2 h3 45. Kd2 g2 46. Ke2 g1=Q 47. Kd2 Qf2+ 48. Kc1 h2 49. Kd1 h1=Q#) 33. Ka6 Bf1 {[%emt 0:00:14] Black mates.} 34. Ka7 Bxc4 {[%emt 0:00:12] KB-K3P} 35. a5 g5 36. e4 g4 37. e5 h4 38. e6 Bxe6 39. a6 g3 40. Ka8 g2 41. a7 Bd5# {Weighted Error Value: White=1.27/Black=0.48} 0-1

[Event "CZE-ch U10 Open 2023"]
[Site "Teplice"]
[Date "2023.03.12"]
[Round "2.7"]
[White "Kozusnik, Jan"]
[Black "Broz, Pavel"]
[Result "1-0"]
[ECO "C44"]
[WhiteElo "1286"]
[BlackElo "1870"]
[Annotator "NA RC COMBH"]
[PlyCount "51"]
[EventDate "2023.03.09"]
[EventType "swiss"]
[EventCountry "CZE"]
[SourceTitle "playchess.com"]
[Source "ChessBase"]
[SourceQuality "1"]
[TimeControl "40/5400+30:1800+30"]

1. e4 e5 2. Nf3 Nc6 3. d4 exd4 4. Bc4 Bc5 5. c3 Qf6 6. Bg5 Qg6 7. O-O Nge7 8. Bxe7 Nxe7 9. cxd4 Bb6 10. Ne5 Qxe4 11. Bxf7+ Kd8 12. Re1 Qxd4 13. Qe2 c6 14. Nc3 Rf8 15. Nxc6+ bxc6 16. Qxe7+ Kc7 17. Qxf8 Qxf2+ 18. Kh1 Bc5 19. Qxg7 Rb8 20. Re2 Qf4 21. Qe5+ Qxe5 22. Rxe5 Rxb2 23. Rxc5 d6 24. Rh5 Bb7 25. Rxh7 c5 26. Bd5+ 1-0

[Event "CZE-ch U10 Open 2023"]
[Site "Teplice"]
[Date "2023.03.12"]
[Round "2.8"]
[White "Fadrny, Jonas"]
[Black "Skoloud, Josef"]
[Result "0-1"]
[ECO "C24"]
[WhiteElo "1247"]
[BlackElo "1090"]
[Annotator "NA RC COMBH"]
[PlyCount "86"]
[EventDate "2023.03.09"]
[EventType "swiss"]
[EventCountry "CZE"]
[SourceTitle "playchess.com"]
[Source "ChessBase"]
[SourceQuality "1"]
[TimeControl "40/5400+30:1800+30"]

1. e4 e5 2. Bc4 Nf6 3. d3 d6 4. Nf3 Nc6 5. O-O Bg4 6. h3 Bh5 7. c3 Qd7 8. Re1 Be7 9. Nbd2 g5 10. g4 Bg6 11. Nf1 h5 12. N3h2 d5 13. exd5 Nxd5 14. Bb5 f6 15. Bxc6 Qxc6 16. Qf3 O-O-O 17. Rd1 Bd6 18. c4 Nb4 19. Qxc6 Nxc6 20. Be3 Nb4 21. Rd2 Nxd3 22. Ng3 Bb4 23. Rdd1 Nxb2 24. Rxd8+ Kxd8 25. a3 Ba5 26. gxh5 Bxh5 27. Rc1 Kc8 28. Rc2 Na4 29. Nxh5 Rxh5 30. Kg2 Nb6 31. c5 Nd5 32. c6 b6 33. Bd2 Bxd2 34. Rxd2 Nf4+ 35. Kg1 Rxh3 36. Rd7 Rxa3 37. Rg7 Kd8 38. Ng4 Ne6 39. Rh7 Rf3 40. Nh6 Rd3 41. Nf7+ Kc8 42. Kf1 a5 43. Ke2 Rd4 0-1

[Event "CZE-ch U10 Open 2023"]
[Site "Teplice"]
[Date "2023.03.13"]
[Round "3.1"]
[White "Koutecky, Vaclav"]
[Black "Filindash, Nikita"]
[Result "0-1"]
[ECO "B50"]
[WhiteElo "2060"]
[BlackElo "2021"]
[Annotator "TA"]
[PlyCount "64"]
[EventDate "2023.03.09"]
[EventType "swiss"]
[EventCountry "CZE"]
[SourceTitle "playchess.com"]
[Source "ChessBase"]
[SourceQuality "1"]
[TimeControl "40/5400+30:1800+30"]

1. e4 c5 2. Nf3 d6 3. c3 Nf6 4. Be2 g6 5. Qc2 Bg7 6. d4 {[%emt 0:00:12] B50: Sicilian: 2...d6, Miscellaneous.} cxd4 7. cxd4 O-O 8. O-O {[%emt 0:01:21] The position is equal.} Bd7 9. Nc3 {[%emt 0:04:07] [#]} Na6 $146 (9... Nc6 $14) ({Predecessor:} 9... a5 10. Bg5 Nc6 11. Rac1 Rc8 12. Qb3 b6 13. Rfd1 a4 14. Qc2 Nb4 15. Qb1 d5 {0-1 Ramirez,M (1609)-Montenegro,H (1684) COL-ch (Women) 2018 (5)}) 10. Bf4 Rc8 11. Qb3 Qb6 (11... Bc6 $14) 12. h3 (12. e5 $16 {aiming for Qxb6.} Nh5 13. Be3) 12... Be6 13. d5 (13. Qxb6 {simplifies} axb6 14. Rfd1 Bc4 15. Bxc4 Rxc4 16. Be3) 13... Bd7 14. Rfd1 {[%emt 0:01:16] [#]} (14. e5 $14 dxe5 15. Nxe5) 14... Rxc3 $1 $11 {[%emt 0:11:12][%mdl 64] Remove Defender} 15. Qxb6 (15. Qxc3 $5 Nxd5 16. Qd2 Nxf4 17. Qxf4 $11) 15... axb6 16. bxc3 {[%emt 0:00:24] Threatens to win with e5.} Nxe4 17. c4 Nc3 {[%emt 0:01:01] Black is more active.} (17... Bxa1 {simplifies} 18. Rxa1 Ra8 19. Rc1 Nac5) 18. Rd2 {[%emt 0:00:42] This costs White the game.} (18. Bf1 $17 {was called for.}) 18... Nxe2+ $19 {[%emt 0:00:06][%mdl 64] Discovered Attack} 19. Rxe2 {[%emt 0:00:14] Rb1 would be deadly.} Bxa1 20. Rxe7 Rd8 21. Bxd6 {[%emt 0:00:30] [#]} Bxh3 $1 {[%emt 0:00:26][%mdl 576] Discovered Attack} 22. Be5 (22. Bf4 Bc8) 22... Bxe5 23. Rxe5 Bg4 {[%emt 0:00:29] Black is clearly winning.} 24. Re4 Bxf3 25. gxf3 {[%emt 0:00:05][%mdl 4096] Endgame KRN-KR} Kf8 26. Kg2 Nc5 27. Re3 {[%emt 0:00:54] [#]} b5 $1 28. Re5 (28. cxb5 h5) 28... f6 29. Re1 bxc4 {[%emt 0:00:08][%cal Oc5d3] Strongly threatening ...Nd3!} 30. Rc1 b5 31. a3 Rxd5 {[%emt 0:00:42] White must now prevent ...Nd3.} 32. Rc3 Na4 {[%emt 0:00:14] Weighted Error Value: White=1.00/Black=0.19 (very precise)} 0-1

[Event "CZE-ch U10 Open 2023"]
[Site "Teplice"]
[Date "2023.03.13"]
[Round "3.2"]
[White "Kolar, Edvard"]
[Black "Kroulik, Stepan"]
[Result "1-0"]
[ECO "D02"]
[WhiteElo "1518"]
[BlackElo "1228"]
[Annotator "NA RC COMBH"]
[PlyCount "95"]
[EventDate "2023.03.09"]
[EventType "swiss"]
[EventCountry "CZE"]
[SourceTitle "playchess.com"]
[Source "ChessBase"]
[SourceQuality "1"]
[TimeControl "40/5400+30:1800+30"]

1. d4 d5 2. Nf3 Bg4 3. Bf4 Nc6 4. e3 a6 5. Nbd2 Nf6 6. Bd3 e6 7. h3 Bh5 8. g4 Bg6 9. Ne5 Nxe5 10. dxe5 Nd7 11. h4 Bxd3 12. cxd3 Be7 13. g5 c5 14. Qg4 Qc7 15. Qg3 O-O-O 16. Rc1 Kb8 17. b4 Qb6 18. bxc5 Nxc5 19. O-O Nxd3 20. Rb1 Qa5 21. e4 Nxf4 22. Qxf4 Rhf8 23. exd5 Rxd5 24. Nc4 Qxa2 25. Nb6 Rdd8 26. Qe4 h6 27. Nc4 Rd7 28. Rb2 Qa4 29. Rfb1 b5 30. Qe2 b4 31. Nb6 Qc6 32. Nxd7+ Qxd7 33. Qxa6 hxg5 34. Rxb4+ Bxb4 35. Rxb4+ Kc7 36. Qa7+ Kd8 37. Rb8+ Ke7 38. Qxd7+ Kxd7 39. Rxf8 Ke7 40. Rg8 g6 41. hxg5 Kd7 42. f4 Ke7 43. Kf2 Kd7 44. Ke3 Ke7 45. Kd4 Kd7 46. Kc5 Ke7 47. Kc6 f6 48. gxf6+ 1-0

[Event "CZE-ch U10 Open 2023"]
[Site "Teplice"]
[Date "2023.03.13"]
[Round "3.3"]
[White "Trejbal, Jindrich"]
[Black "Gernert, Tomas"]
[Result "1-0"]
[ECO "A06"]
[WhiteElo "1937"]
[BlackElo "1362"]
[Annotator "TA"]
[PlyCount "43"]
[EventDate "2023.03.09"]
[EventType "swiss"]
[EventCountry "CZE"]
[SourceTitle "playchess.com"]
[Source "ChessBase"]
[SourceQuality "1"]
[TimeControl "40/5400+30:1800+30"]

1. Nf3 d5 2. c4 c6 3. e3 Bg4 4. h3 Bh5 5. Nc3 Nf6 (5... e6 $11) 6. Be2 {[%emt 0:03:56] [#] A11: English Opening: 1...c6.} (6. Qb3 $14) 6... Bxf3 $146 ({Predecessor:} 6... e6 7. g4 Bg6 8. Ne5 Nbd7 9. Nxg6 hxg6 10. d4 Be7 11. Bd2 Qc7 12. g5 Ne4 13. Nxe4 dxe4 {½-½ Simon,R (2075)-Friedrich,N (2284) SUI-chT Switzerland 2021 (5.8)}) 7. Bxf3 {[%emt 0:00:49] Black should prevent Qb3.} dxc4 8. Be2 {[%emt 0:04:47] The position is equal.} b5 9. O-O e5 10. b3 cxb3 11. Qxb3 Bc5 (11... a5 $11) 12. Ba3 ({White should play} 12. Bf3 $14) 12... Qd6 $2 (12... Bxa3 $15 {stays ahead.} 13. Qxa3 a5) 13. Bxc5 $2 (13. Nxb5 $18 {is the precise move to win.} cxb5 14. Bxc5 Qxc5 15. Rfc1 (15. Qxb5+ $2 {is the wrong capture.} Qxb5 16. Bxb5+ Nbd7 $19) 15... Qxc1+ 16. Rxc1) 13... Qxc5 $16 14. Rac1 (14. d4 $18 Qe7 15. Nxb5) 14... Qd6 {[%emt 0:01:34][%mdl 8192] [#]} (14... O-O $16) 15. Nxb5 $1 $18 Qd8 {[%emt 0:03:48] [#]} (15... Qe7 16. Nd6+) 16. Nd6+ Qxd6 17. Qb7 O-O {[%emt 0:00:34] White must now prevent ...Nbd7.} 18. Qxa8 Qc7 {[%emt 0:00:07] [#]} 19. Rb1 $1 {[%emt 0:01:28] White is clearly winning.} Ne4 20. Qb7 Qc8 21. Qxc8 Rxc8 22. Rfd1 {[%emt 0:00:29] Weighted Error Value: White=0.63/Black=0.84} 1-0

[Event "CZE-ch U10 Open 2023"]
[Site "Teplice"]
[Date "2023.03.13"]
[Round "3.4"]
[White "Moravec, Rene"]
[Black "Vo, Daniel"]
[Result "1/2-1/2"]
[ECO "A25"]
[WhiteElo "1216"]
[BlackElo "1440"]
[Annotator "NA RC COMBH"]
[PlyCount "118"]
[EventDate "2023.03.09"]
[EventType "swiss"]
[EventCountry "CZE"]
[SourceTitle "playchess.com"]
[Source "ChessBase"]
[SourceQuality "1"]
[TimeControl "40/5400+30:1800+30"]

1. c4 e5 2. Nc3 Nc6 3. d3 Nf6 4. g3 d5 5. cxd5 Nxd5 6. Bg2 Nxc3 7. bxc3 Bc5 8. Nf3 Bg4 9. O-O O-O 10. Qb3 Bb6 11. Bg5 Qd7 12. Rfd1 h6 13. Be3 Rfd8 14. Rd2 Qe7 15. Rad1 Rd7 16. d4 e4 17. Ne1 Rad8 18. Bf4 Na5 19. Qb4 Qxb4 20. cxb4 Nc6 21. h3 Bf5 22. e3 Nxb4 23. Ra1 g5 24. Be5 Rd5 25. Rad1 Nc6 26. f4 Ba5 27. Rb2 Nxe5 28. fxe5 Rxe5 29. Rdb1 Ree8 30. Nc2 Bb6 31. a4 a5 32. Na3 Be6 33. g4 Bd5 34. Nb5 Bc4 35. Nc3 Bd3 36. Rc1 Re6 37. Bf1 Rf6 38. Rf2 Rxf2 39. Kxf2 Bxf1 40. Rxf1 Rd6 41. Nxe4 Re6 42. Nc3 Rf6+ 43. Ke2 Rxf1 44. Kxf1 Kg7 45. Ke2 Kf6 46. Nd5+ Ke6 47. Nxb6 cxb6 48. Kd3 Kd5 49. e4+ Kd6 50. Kc4 Kd7 51. Kb5 Kc7 52. d5 f6 53. Kc4 Kd6 54. Kd4 Kd7 55. e5 fxe5+ 56. Kxe5 Ke7 57. Kd4 Kd6 58. Kc4 Kd7 59. Kb5 Kc7 1/2-1/2

[Event "CZE-ch U10 Open 2023"]
[Site "Teplice"]
[Date "2023.03.13"]
[Round "3.5"]
[White "Velim, Vojtech"]
[Black "Kupka, Frantisek"]
[Result "1-0"]
[ECO "D02"]
[WhiteElo "1369"]
[BlackElo "1988"]
[Annotator "TA"]
[PlyCount "101"]
[EventDate "2023.03.09"]
[EventType "swiss"]
[EventCountry "CZE"]
[SourceTitle "playchess.com"]
[Source "ChessBase"]
[SourceQuality "1"]
[TimeControl "40/5400+30:1800+30"]

1. d4 d5 2. Nf3 Nc6 3. c4 Nf6 4. Nc3 Bf5 5. Bg5 e6 (5... Ne4 $1 $11) 6. e3 {[%emt 0:02:25] D07: Queen's Gambit: Chigorin Defence.} (6. Bxf6 $16 gxf6 7. cxd5 exd5 8. e3) 6... Bb4 7. a3 Bxc3+ 8. bxc3 {[%emt 0:00:24] White has an edge.} O-O 9. cxd5 exd5 {[%emt 0:03:04] [#]} 10. Nh4 $146 (10. Nd2 $14) ({Predecessor:} 10. Bd3 Bg6 11. O-O Bxd3 12. Qxd3 Re8 13. Qb5 Re6 14. Qd3 Re8 15. Rfc1 Na5 16. Nd2 {0-1 Alonso Garcia,P (1722)-Reno Chanca,J (1498) Oviedo op 2006 (7.23)}) 10... h6 (10... Be4 $11) 11. Bxh6 $2 (11. Nxf5 $14 {keeps the upper hand.} hxg5 12. h4) 11... Bh7 $2 (11... Bg4 $17 12. f3 Nh7) 12. Bg5 $16 Qd6 13. Bd3 Ne4 {[%emt 0:02:26] [#]} 14. Bf4 Qf6 15. Bg3 (15. Qh5 $16) 15... Rfe8 16. O-O (16. Qh5 {is more complex.} Ne7 17. O-O Qg5 18. Qe2) 16... Re7 (16... Na5 $142) 17. f3 (17. Qh5 $16) 17... Nxc3 $2 ({Better is} 17... Nxg3 $14 18. Bxh7+ Kxh7 19. Qd3+ Ne4) 18. Bxh7+ $18 Kxh7 19. Qc2+ Kg8 20. Qxc3 {[%emt 0:00:20] Qd3 would be deadly.} Rae8 21. Rae1 (21. e4 $18 dxe4 22. fxe4 Qxd4+ 23. Qxd4 Nxd4 24. Nf5 Ne2+ 25. Kf2 Rxe4 26. Bxc7) 21... Re6 {[%emt 0:04:34][%mdl 8192] Black cannot hold the game after this.} (21... g5 $16) 22. f4 a5 23. Nf3 b5 {[%emt 0:02:30] [#]} 24. f5 $1 Qxf5 (24... b4 25. Qb3) 25. Ne5 {[%emt 0:00:30] Wards off Qg6} b4 26. Qxc6 ({Stronger than} 26. Nxc6 Qxf1+ 27. Kxf1 bxc3 28. Nxa5 Ra6 $11) 26... Qxf1+ 27. Kxf1 Rxc6 28. Nxc6 bxa3 29. Kf2 Re6 30. Nxa5 a2 31. Ra1 c6 32. Rxa2 Rf6+ 33. Ke2 Kh7 34. Rc2 Kg8 35. Rxc6 Rf5 36. Rc5 {[%emt 0:00:58] Black must now prevent e4.} g6 {[%emt 0:00:57] [#]} 37. e4 $1 {[%emt 0:02:11] White mates.} dxe4 38. Rxf5 gxf5 39. Ke3 Kg7 40. Kf4 Kf6 41. h4 Ke7 42. Kxf5 e3 43. h5 e2 44. Be1 Kf8 45. h6 Kg8 46. d5 Kh7 47. d6 Kxh6 48. d7 Kg7 49. d8=Q Kh7 50. Kf6 Kh6 51. Qh8# {Weighted Error Value: White=0.37/Black=0.76} 1-0

[Event "CZE-ch U10 Open 2023"]
[Site "Teplice"]
[Date "2023.03.13"]
[Round "3.6"]
[White "Bucek, Vit"]
[Black "Kozusnik, Jan"]
[Result "0-1"]
[ECO "B01"]
[WhiteElo "1198"]
[BlackElo "1286"]
[Annotator "NA RC COMBH"]
[PlyCount "88"]
[EventDate "2023.03.09"]
[EventType "swiss"]
[EventCountry "CZE"]
[SourceTitle "playchess.com"]
[Source "ChessBase"]
[SourceQuality "1"]
[TimeControl "40/5400+30:1800+30"]

1. e4 d5 2. exd5 Nf6 3. Nc3 Nxd5 4. Bc4 c6 5. d4 Bf5 6. Nge2 e6 7. O-O Nd7 8. Be3 N7b6 9. Bb3 Bd6 10. Qd2 O-O 11. Rad1 Nxc3 12. Nxc3 Bb4 13. Rfe1 Nd5 14. h3 Bxc3 15. bxc3 Rc8 16. c4 Nb6 17. c5 Nd5 18. c4 Nf6 19. Bg5 b6 20. cxb6 axb6 21. c5 bxc5 22. dxc5 Qxd2 23. Rxd2 Ne4 24. Rd7 Nxg5 25. f3 Bxh3 26. Kh2 Bf5 27. a4 Ra8 28. Ra1 e5 29. Re7 Ne6 30. Bxe6 Bxe6 31. a5 Ra6 32. Rb7 h6 33. Rb6 Rfa8 34. Kg3 Rxa5 35. Rxa5 Rxa5 36. Rxc6 Ra8 37. f4 exf4+ 38. Kxf4 Rc8 39. Rxc8+ Bxc8 40. Ke5 Kh7 41. Kd6 Kg6 42. Kc7 Be6 43. Kd6 Kf5 44. c6 g5 0-1

[Event "CZE-ch U10 Open 2023"]
[Site "Teplice"]
[Date "2023.03.13"]
[Round "3.7"]
[White "Fadrny, Jachym"]
[Black "Lutskiy, Mikhail"]
[Result "0-1"]
[ECO "D15"]
[WhiteElo "1279"]
[BlackElo "1150"]
[Annotator "NA RC COMBH"]
[PlyCount "86"]
[EventDate "2023.03.09"]
[EventType "swiss"]
[EventCountry "CZE"]
[SourceTitle "playchess.com"]
[Source "ChessBase"]
[SourceQuality "1"]
[TimeControl "40/5400+30:1800+30"]

1. d4 d5 2. c4 c6 3. Nf3 Nf6 4. Nc3 Bf5 5. Qb3 Qb6 6. c5 Qxb3 7. axb3 Na6 8. Na2 Nc7 9. e3 g6 10. b4 a6 11. Nc3 Bg7 12. b5 axb5 13. Ra3 O-O 14. Na2 Na6 15. Bd2 Nd7 16. Nh4 Bc2 17. Bd3 Bxd3 18. Rxd3 Naxc5 19. Ra3 Rxa3 20. bxa3 Nd3+ 21. Ke2 Nb2 22. Bb4 Re8 23. f4 e6 24. Nf3 Nc4 25. Nd2 Ndb6 26. Nb3 Nd7 27. Nac1 f6 28. Nd2 e5 29. Nxc4 dxc4 30. Kf3 exd4 31. exd4 f5 32. Ne2 Nb6 33. Bd6 Nd5 34. Be5 Bxe5 35. fxe5 Ra8 36. Ra1 Ra4 37. Nf4 b4 38. Nxd5 cxd5 39. Kf4 Rxa3 40. Re1 Kf7 41. h4 b3 42. e6+ Ke7 43. Ke5 Ra5 0-1

[Event "CZE-ch U10 Open 2023"]
[Site "Teplice"]
[Date "2023.03.13"]
[Round "3.8"]
[White "Skoloud, Josef"]
[Black "Zelenka, Tomas"]
[Result "1-0"]
[ECO "C64"]
[WhiteElo "1090"]
[BlackElo "1272"]
[Annotator "NA RC COMBH"]
[PlyCount "59"]
[EventDate "2023.03.09"]
[EventType "swiss"]
[EventCountry "CZE"]
[SourceTitle "playchess.com"]
[Source "ChessBase"]
[SourceQuality "1"]
[TimeControl "40/5400+30:1800+30"]

1. e4 e5 2. Nf3 Nc6 3. Bb5 Bc5 4. O-O d6 5. c3 a6 6. Ba4 b5 7. Bb3 Bg4 8. Bd5 Qd7 9. d4 exd4 10. cxd4 Bxf3 11. gxf3 Bb6 12. Kh1 Nf6 13. Bxc6 Qxc6 14. Rg1 O-O-O 15. Nc3 g6 16. Bg5 Nh5 17. Bxd8 Rxd8 18. Rc1 Qb7 19. Nd5 Ba5 20. b4 Bb6 21. Rc2 f5 22. Qc1 fxe4 23. Rc6 exf3 24. Nxb6+ Kb8 25. Nd5 Qa7 26. Rxa6 Qb7 27. Qc6 Qxc6 28. Rxc6 Kb7 29. Rxc7+ Ka6 30. Rgc1 1-0

[Event "CZE-ch U10 Open 2023"]
[Site "Teplice"]
[Date "2023.03.13"]
[Round "3.9"]
[White "Galia, Simon"]
[Black "Vorlik, Jachym"]
[Result "1/2-1/2"]
[ECO "B13"]
[WhiteElo "1071"]
[BlackElo "1204"]
[Annotator "NA RC COMBH"]
[PlyCount "81"]
[EventDate "2023.03.09"]
[EventType "swiss"]
[EventCountry "CZE"]
[SourceTitle "playchess.com"]
[Source "ChessBase"]
[SourceQuality "1"]
[TimeControl "40/5400+30:1800+30"]

1. e4 c6 2. d4 d5 3. exd5 cxd5 4. Nc3 Nf6 5. Nf3 Bf5 6. Bb5+ Nbd7 7. Bg5 g6 8. Bxf6 exf6 9. Nxd5 Bg7 10. O-O O-O 11. Ne3 Be4 12. d5 f5 13. Nd2 Bxb2 14. Rb1 Bg7 15. f3 Qb6 16. Ndc4 Qc7 17. Bxd7 Qxd7 18. fxe4 fxe4 19. Re1 Rfe8 20. Nf1 Rac8 21. Nce3 b6 22. Rb4 Bc3 23. Ng4 Qd6 24. Rbxe4 Bxe1 25. Qxe1 Qc5+ 26. Kh1 Rxe4 27. Qxe4 Qxc2 28. Qf3 Qc1 29. h3 Rd8 30. Kh2 Qc7+ 31. Ng3 h5 32. Nf6+ Kf8 33. Kg1 Qc1+ 34. Kh2 Qc7 35. Kh1 Qe5 36. h4 Kg7 37. Nge4 Rc8 38. Qf1 Qb2 39. Kh2 Qe5+ 40. Kh1 Qb2 41. Kh2 1/2-1/2

[Event "CZE-ch U10 Open 2023"]
[Site "Teplice"]
[Date "2023.03.13"]
[Round "4.1"]
[White "Filindash, Nikita"]
[Black "Kolar, Edvard"]
[Result "1-0"]
[ECO "A52"]
[WhiteElo "2021"]
[BlackElo "1518"]
[Annotator "TA"]
[PlyCount "83"]
[EventDate "2023.03.09"]
[EventType "swiss"]
[EventCountry "CZE"]
[SourceTitle "playchess.com"]
[Source "ChessBase"]
[SourceQuality "1"]
[TimeControl "40/5400+30:1800+30"]

1. d4 Nf6 2. c4 e5 3. dxe5 Ng4 4. Nf3 Bc5 5. e3 Nc6 6. Bd2 O-O {[%emt 0:01:17][%cal Of8e8] A52: Budapest Gambit.} 7. Bd3 Ngxe5 (7... Re8 $11) 8. Nxe5 Nxe5 {[%emt 0:00:04] [#] White is slightly better.} 9. Bxh7+ {[%emt 0:01:01][%mdl 64] Decoy} Kxh7 10. Qh5+ Kg8 {[%emt 0:00:07] Threatens to win with ...Re8.} 11. Qxe5 d6 {[%emt 0:01:55] [#]} 12. Qf4 $146 ({Predecessor:} 12. Qg3 Be6 13. Bc3 f6 14. Nd2 d5 15. cxd5 Qxd5 16. O-O Bd6 17. Qf3 Qb5 18. b4 {½-½ Nazarian,M (1837)-Gavrjuchenkova,A (1921) RUS-chB U18 Dagomys 2009 (7)}) 12... Be6 (12... d5 $11 {keeps the balance.}) 13. Nc3 $16 f5 14. h4 c6 {[%emt 0:02:40] [#]} (14... Qf6 $16) 15. O-O (15. h5 $1 $18) 15... d5 {[%emt 0:02:37] [#]} (15... Bb6 $14) 16. cxd5 $1 cxd5 17. Nb5 {[%emt 0:06:53] Prevents Bd6} Rc8 {[%emt 0:01:27] Against Nc7} 18. Bc3 Bd7 19. Nd6 $40 {[%emt 0:05:13][%mdl 128] Black is in trouble. White is much more active.} ({But not} 19. Qe5 $6 Rf7 $16) 19... Rb8 {[%emt 0:05:19] A mistake that costs the game.} (19... Bxd6 $16 20. Qxd6 Bb5 21. Qe6+ Kh7) 20. Qe5 d4 {[%emt 0:05:23] aiming for ...Bxd6.} 21. Bxd4 Bxd4 22. Qxd4 (22. exd4 Qf6 23. Rae1 b5 24. Qd5+ Kh7) 22... Rf6 23. Rfd1 Qe7 24. Ne4 {[%emt 0:10:16][%mdl 64] Discovered Attack} fxe4 25. Qxd7 Qf8 26. Qd5+ Kh8 27. Qxe4 Rxf2 28. Rf1 Re8 29. Rxf2 ({Don't take} 29. Qxb7 Rxf1+ 30. Rxf1 Qc5 $18) 29... Qxf2+ 30. Kxf2 Rxe4 $18 {[%emt 0:00:07][%mdl 4096] Endgame KR-KR} 31. g3 Kh7 32. Rc1 Kg6 33. Kf3 Rb4 34. b3 b5 $2 (34... Rb6 $18 35. Rc7 Ra6 36. Rxb7 Rxa2) 35. Rc6+ (35. Rc3 $142 Kf5 36. a3 Re4 37. g4+ Ke5 38. Rc8 Rd4 39. exd4+ Ke6 40. Re8+ Kd7 41. Rg8) 35... Kh7 36. Ra6 {[%emt 0:00:11] White mates.} Kg8 37. Rxa7 Kh7 38. Rd7 Kg6 39. Rd4 Rxd4 40. exd4 Kf5 41. g4+ Ke6 42. Ke4 {[%emt 0:00:09] Weighted Error Value: White=0.16 (very precise) /Black=0.61} 1-0

[Event "CZE-ch U10 Open 2023"]
[Site "Teplice"]
[Date "2023.03.13"]
[Round "4.2"]
[White "Kozusnik, Jan"]
[Black "Trejbal, Jindrich"]
[Result "1-0"]
[ECO "C50"]
[WhiteElo "1286"]
[BlackElo "1937"]
[Annotator "TA"]
[PlyCount "113"]
[EventDate "2023.03.09"]
[EventType "swiss"]
[EventCountry "CZE"]
[SourceTitle "playchess.com"]
[Source "ChessBase"]
[SourceQuality "1"]
[TimeControl "40/5400+30:1800+30"]

1. e4 e5 2. Nf3 Nc6 3. Bc4 Bc5 4. d3 h6 5. c3 Nf6 6. O-O d6 7. Nbd2 O-O 8. Bb3 (8. b4 $5 Bb6 9. a4 $11) 8... Be6 {[%emt 0:03:16] C54: Giuoco Piano: 4 c3 Nf6, main lines with 5 d4 and 5 d3.} 9. Bc2 (9. Bxe6 $14 {was preferrable.} fxe6 10. b4) 9... Qd7 10. Re1 {[%emt 0:01:20] [#]} (10. Ba4 $11 {keeps the balance.}) 10... Bg4 $146 (10... Ng4 $17 11. d4 exd4) ({Predecessor:} 10... Ne7 11. Nf1 Ng4 12. Ne3 Nxe3 13. Bxe3 Bxe3 14. fxe3 Bg4 15. Rf1 Ng6 16. Qe1 f5 17. exf5 Bxf5 {1-0 Adam,E (1354)-Calabrasa,E Arcelor Mittal op blitz 2020 (9)}) 11. h3 Bxh3 {[%emt 0:01:26][%mdl 64] [#] Demolition} 12. gxh3 Qxh3 {[%emt 0:00:35][%cal Oc5f2] ( -> ...Bxf2+!)} 13. Nh2 $2 (13. Nf1 $11 {and White has nothing to worry.}) 13... Qg3+ $2 (13... Bxf2+ $1 $19 14. Kh1 Nh5) 14. Kh1 $14 Bxf2 15. Rf1 h5 {[%emt 0:07:24] White leaves nothing to chance now.} (15... Ne7 $14) 16. Qf3 $36 {[%emt 0:01:16][%mdl 2048] Black is under strong pressure. Chess con chili.} Qxf3+ 17. Ndxf3 Bg3 18. Be3 h4 (18... Kh7 $16 19. Rg1 h4 20. Nxh4 Bxh4) 19. Bf2 $18 Ne7 20. Nxh4 Bxh4 (20... Bf4 21. Rad1 Rae8) 21. Bxh4 Nh5 (21... Rae8 {was worth a try.} 22. Bxf6 gxf6 23. Rxf6 Kg7) 22. Bxe7 Ng3+ 23. Kg2 Nxf1 24. Nxf1 Rfe8 25. Bh4 Re6 26. Ne3 Kh7 27. Bb3 Rg6+ 28. Bg3 Rf8 29. Nf5 Rg5 30. Rh1+ Kg6 31. Ne7+ Kf6 32. Nd5+ Ke6 33. Nxc7+ {[%emt 0:00:14][%mdl 64] [#] Discovered Attack (Double check)} Kd7 34. Nd5 f5 35. exf5 Rfxf5 36. Ne3 Rf6 37. Bd5 b5 38. Be4 a5 39. Nd5 Rf8 40. Bf3 Kc6 41. Nf4+ Kd7 42. Ne2 Ke6 43. Re1 Kd7 44. d4 Kc7 45. dxe5 dxe5 46. Ng1 Rd8 47. Rd1 Rxd1 48. Bxd1 Kc6 49. Nf3 Kc5 50. Nxg5 {[%emt 0:00:19] White mates.} b4 51. Bxe5 Kc4 52. cxb4 axb4 53. Bxg7 Kd3 54. Bf8 Kd2 55. Bxb4+ Kc1 56. a4 Kxb2 57. a5 {[%emt 0:01:06] Weighted Error Value: White=0.46/Black=0.74} 1-0